 Dungeon Crawl Stone Soup version 0.29-a0-283-ga02f740833 (webtiles) character file.

Game seed: 7160329822329365665

0 enile the Firebug (level 1, 0/16 HPs)
             Began as an Ogre Fire Elementalist on Mar 13, 2022.
             Slain by a giant cockroach (2 damage)
             ... on level 1 of the Dungeon.
             The game lasted 00:00:42 (92 turns).

enile the Firebug (Ogre Fire Elementalist)            Turns: 92, Time: 00:00:43

Health: 0/16       AC:  3    Str: 11    XL:     1   Next: 0%
Magic:  3/3        EV:  9    Int: 16    God:
Gold:   0          SH:  0    Dex:  9    Spells: 3/4 levels left

rFire   . . .      SeeInvis .   (no weapon)
rCold   . . .      Faith    .   (no shield)
rNeg    . . .      Spirit   .   a - +0 robe
rPois   .          Reflect  .   (helmet restricted)
rElec   .          Harm     .   (no cloak)
rCorr   .          Rampage  .   (gloves unavailable)
Will    .....                   (boots unavailable)
Stlth   +.........              (no amulet)
HPRegen 0.05/turn               (no ring)
MPRegen 0.08/turn               (no ring)

@: no status effects
A: large, unfitting armour, tough skin 1
a: no special abilities


You were on level 1 of the Dungeon.
You visited 1 branch of the dungeon, and saw 1 of its levels.

Inventory:

Armour
 a - a +0 robe (worn)
Potions
 b - a potion of magic


   Skills:
 + Level 0.0 Fighting
 - Level 1.7 Dodging
 - Level 1.4 Stealth
 - Level 2.4 Spellcasting
 - Level 0.8 Conjurations
 - Level 2.6 Fire Magic


You had 3 spell levels left.
You knew the following spells:

 Your Spells              Type           Power      Damage    Failure   Level
a - Foxfire               Conj/Fire      28%        2x1d5     10%         1

Your spell library contained the following spells:

 Spells                   Type           Power      Damage    Failure   Level
 Scorch                   Fire           20%        2d6       10%         2
 Conjure Flame            Conj/Fire      7%         6-21      28%         3
 Inner Flame              Hex/Fire       6%         N/A       34%         3
 Flame Wave               Conj/Fire      7%         2d5       67%         4


Dungeon Overview and Level Annotations

Branches:
Dungeon (1/15)

Altars:


Innate Abilities, Weirdness & Mutations

You are too large for most types of armour.
You have tough skin. (AC +1)


Message History

The endoplasm hits the fungus.
The fungus begins to die.
The giant cockroach attacks as you move away!
The giant cockroach bites you.
* * * LOW HITPOINT WARNING * * *
The giant cockroach attacks as you move away!
The giant cockroach closely misses you. x2
You see here a +0 hand axe.
You see here a scroll labelled LEUWIMADOS.
c - a scroll labelled LEUWIMADOS The giant cockroach closely misses you.
As you read the scroll labelled LEUWIMADOS, it crumbles to dust.
It is a scroll of identify.
You don't have any unidentified items.
The giant cockroach bites you but does no damage.
The giant cockroach attacks as you move away!
The giant cockroach misses you.
The giant cockroach bites you but does no damage.
The giant cockroach attacks as you move away!
The giant cockroach bites you but does no damage.
Found a scroll labelled ITAUNGATAB.
The giant cockroach closely misses you.
You see here a scroll labelled ITAUNGATAB.
c - a scroll labelled ITAUNGATAB The giant cockroach bites you.
* * * LOW HITPOINT WARNING * * *
As you read the scroll labelled ITAUNGATAB, it crumbles to dust.
The creatures around you are filled with an inner flame!
It was a scroll of immolation.
The giant cockroach bites you but does no damage.
The hobgoblin hits you but does no damage.
The giant cockroach barely misses you.
The ball python attacks as you move away!
The ball python closely misses you.
You hit the giant cockroach but do no damage.
Your punch misses the giant cockroach.
The giant cockroach bites you but does no damage. x2
You barely miss the giant cockroach.
The giant cockroach bites you but does no damage.
You closely miss the giant cockroach. The giant cockroach bites you.
You die...

.. ..#. #.#
..#.###.## ....#...##
#.......##
#.......###### #
#............#
#.##.###g......####.#
#.....@BS.....## #)#
###..###J#.....# ##.#
#.. ###########JS# ##
#<.≈♣P♣♣≈#.##
#.....≈P♣#.#
#≈P♣..S..'.#
#P♣♣P♣JP≈###
######'### #..#


You could see an endoplasm (inner flame), a giant cockroach (inner flame), a
hobgoblin (inner flame) and a ball python (inner flame).

Vanquished Creatures (others)
  A foxfire (D:1)
  2 fungi (D:1)
3 creatures vanquished.

Notes
Turn   | Place    | Note
-------+----------+-------------------------------------------
     0 | D:1      | enile the Ogre Fire Elementalist began the quest for the
                  | Orb.
     0 | D:1      | Reached XP level 1. HP: 16/16 MP: 3/3
    92 | D:1      | Slain by a giant cockroach

Illustrated notes

Levels and vault maps discovered:
D:1:      tarquinn_simple_flora_water_f, layout_loops_ring,
          ebering_ecumenical_altar_webs, serial_shops, nicolae_shop_waterfront

Action                   || total
-------------------------++-------
Melee: Unarmed           ||    16
 Cast: Foxfire           ||     2
  Use: Scroll            ||     2
Armor: Robe              ||    18
Dodge: Dodged            ||    19

Table legend: (Time is in decaauts)
 A = Elapsed time spent in this place.
 B = Non-inter-level travel time spent in this place.
 C = Inter-level travel time spent in this place.
 D = Time resting spent in this place.
 E = Time spent auto-exploring this place.
 F = Levels seen in this place.
 G = Mean time per level.
                   A        B        C        D        E       F      G
               +--------+--------+--------+--------+--------+-----+--------+
         Total |     92 |     92 |      0 |      0 |     23 |   1 |   92.0 |
       Dungeon |     92 |     92 |      0 |      0 |     23 |   1 |   92.0 |
               +--------+--------+--------+--------+--------+-----+--------+

Top non-repeatable levels by time:
     D:1: 92 daAuts
